 Dungeon Crawl Stone Soup version 0.31.0-12-g77e489cdc1 (webtiles) character file.

Game seed: 4676784280651588667

126 Gadfly the Trooper (level 5, 0/55 HPs)
             Began as an Oni Berserker on Feb 23, 2024.
             Was a Believer of Trog.
             Slain by an orc
             ... wielding a +0 short sword
              (4 damage)
             ... on level 3 of the Dungeon.
             The game lasted 00:03:21 (2163 turns).

Gadfly the Trooper (Oni Berserker)                  Turns: 2163, Time: 00:03:21

Health: 0/55       AC:  3    Str: 21 (23) XL:     5   Next: 9%
Magic:  5/5        EV: 10    Int:  7 (8)  God:    Trog [**....]
Gold:   52         SH:  0    Dex:  6 (8)  Spells: 4/4 levels left

rFire   . . .        a - +0 mace
rCold   . . .        (no shield)
rNeg    . . .        b - +0 animal skin
rPois   .            (helmet restricted)
rElec   .            (no cloak)
rCorr   .            (gloves unavailable)
SInv    +            (boots unavailable)
Will    +++..        (no amulet)
Stlth   +            m - ring of see invisible
HPRegen 1.29/turn    f - ring of willpower
MPRegen 0.09/turn

%: no passive effects
@: strong-willed, regenerating
A: large, unfitting armour, horns 1, tough skin 1, double potion healing,
drunken brawling
a: Renounce Religion, Berserk, Trog's Hand


You were on level 3 of the Dungeon.
You worshipped Trog.
Trog was pleased with you.
You visited 1 branch of the dungeon, and saw 3 of its levels.

You collected 52 gold pieces.

Inventory:

Hand Weapons
 a - a +0 mace (weapon)
Armour
 b - a +0 animal skin (worn)
Jewellery
 f - a ring of willpower (right hand)
 m - a ring of see invisible (left hand)
 n - a ring of resist corrosion
Scrolls
 h - a scroll of blinking {unknown}
 i - a scroll of enchant armour {unknown}
 k - 2 scrolls of revelation
 l - a scroll of vulnerability
Potions
 c - a potion of resistance
 d - a potion of enlightenment {unknown}
 e - a potion of invisibility {unknown}
 g - a potion of lignification {unknown}


   Skills:
 + Level 4.6 Fighting
 * Level 3.9 Maces & Flails
 * Level 3.5 Dodging
 * Level 1.7 Evocations


You had 4 spell levels left.
You didn't know any spells.
Your spell library was empty.

Dungeon Overview and Level Annotations

Branches:
Dungeon (3/15)

Altars:


Innate Abilities, Weirdness & Mutations

You are too large for most types of armour.
You have a pair of small horns on your head.
You have tough skin. (AC +1)
You gain doubled healing and magic from potions.
Whenever you drink a healing potion, you attack all around you.


Message History

The orc priest calls down the wrath of Beogh upon you.
Beogh smites you!
* * * LOW HITPOINT WARNING * * *
You hit the orc priest but do no damage.
The orc priest is heavily wounded.
The orc priest misses you.
You take a swig of the potion and twirl your +0 mace.
You barely miss the orc priest.
The orc priest is heavily wounded.
You savour every drop.
You feel better. The orc priest misses you.
You hit the orc priest.
The orc priest is heavily wounded.
The orc priest hits you but does no damage.
You hit the orc priest.
You headbutt the orc priest, but do no damage.
The orc priest is severely wounded.
The orc priest misses you.
You hit the orc priest.
The orc priest is almost dead.
The orc priest hits you with a +0 flail. x2
You barely miss the orc priest.
The orc priest is almost dead.
The orc priest calls down the wrath of Beogh upon you.
Beogh smites you!
* * * LOW HITPOINT WARNING * * *
You hit the orc priest but do no damage.
The orc priest is almost dead.
The orc priest barely misses you.
Unknown command.
You hit the orc priest.
You kill the orc priest!
Trog accepts your kill.
You feel your strength returning.
You have reached level 5!
The orc attacks as it pursues you! The orc hits you with a +0 short sword.
* * * LOW HITPOINT WARNING * * *
Your skin crawls.
You feel strong-willed. The orc hits you with a +0 short sword.
You die...

#.###.#.........#
#...#†...O......#
###...#.w........
###...........#
#....#........#
.....##w####).?###
.#### #.# #..>...
######O# ......
#...@o.# ..###
#...#### .>#
....... .# .......
.# ####... #...
#... #...


You could see an ogre and an orc.

Vanquished Creatures
  An orc priest (D:3)
  4 adders (D:2)
  3 ribbon worms (D:2)
  An orc (D:3)
  5 ball pythons
  4 endoplasms (D:1)
  3 giant cockroaches
  3 hobgoblins
  A jackal (D:3)
  5 kobolds
  2 quokkas (D:1)
  5 bats
  5 frilled lizards
  9 goblins
  6 rats
57 creatures vanquished.

Notes
Turn   | Place    | Note
-------+----------+-------------------------------------------
     0 | D:1      | Gadfly the Oni Berserker began the quest for the Orb.
     0 | D:1      | Reached XP level 1. HP: 24/24 MP: 1/1
   188 | D:1      | Reached XP level 2. HP: 28/32 MP: 2/2
   599 | D:1      | Reached XP level 3. HP: 22/39 MP: 3/3
   600 | D:1      | Reached ** piety under Trog
   696 | D:1      | Reached skill level 1 in Evocations
  1166 | D:2      | Identified the +1 spear "Dasiedey" {pain, rC- Will- Str+8}
  1375 | D:2      | Reached XP level 4. HP: 35/49 MP: 4/4
  2137 | D:3      | Noticed an ogre
  2160 | D:3      | Reached XP level 5. HP: 4/55 MP: 5/5
  2162 | D:3      | HP: 2/55 [orc/+0 short sword (3)]
  2163 | D:3      | Slain by an orc

Illustrated notes

Levels and vault maps discovered:
D:1:      amcnicky_arrival_abandoned_market, layout_basic
D:2:      layout_basic, minmay_tetromino_o4
D:3:      layout_rooms, minmay_misc_feat_five

Skill      XL: |  1  2  3 |
---------------+----------+-----
Dodging        | 3 |  3.5
Evocations     | 1 |  1.7
Fighting       | |  4.6
Maces & Flails | |  3.9

Action                     |  1- 3 |  4- 6 || total
---------------------------+-------+-------++-------
  Melee: Mace              |   109 |    57 ||   166
         Headbutt          |    11 |     5 ||    16
         Punch             |     1 |     1 ||     2
 Invoke: Trog's Hand       |       |     1 ||     1
    Use: Scroll            |     4 |     2 ||     6
         Potion            |     2 |     1 ||     3
   Stab: Sleeping          |     1 |       ||     1
 Armour: Animal skin       |    71 |    38 ||   109
  Dodge: Dodged            |    60 |    32 ||    92
